 Dungeon Crawl Stone Soup version 0.28.0-62-gf88900778d (webtiles) character file.

Game seed: 81485065000489527

48 Froggeryz the Cudgeller (level 3, -3/29 HPs)
             Began as a Demigod Gladiator on July 24, 2023.
             Slain by a white imp (4 damage)
             ... summoned by Natasha
             ... on level 2 of the Dungeon.
             The game lasted 00:01:22 (1308 turns).

Froggeryz the Cudgeller (Demigod Gladiator)         Turns: 1308, Time: 00:01:23

Health: -3/29      AC:  5    Str: 19    XL:     3   Next: 30%
Magic:  5/5        EV: 12    Int: 10    God:
Gold:   46         SH:  0    Dex: 15    Spells: 2/2 levels left

rFire   . . .      SeeInvis .   i - +6 mace (holy)
rCold   . . .      Faith    .   (no shield)
rNeg    . . .      Spirit   .   b - +0 leather armour
rPois   .          Reflect  .   c - +0 helmet
rElec   .          Harm     .   (no cloak)
rCorr   .          Rampage  .   (no gloves)
Will    .....                   h - +0 pair of boots
Stlth   +.........              (no amulet)
HPRegen 0.09/turn               (no ring)
MPRegen 0.09/turn               (no ring)

@: flying, invisible
A: high MP 1, forlorn, divine attributes
a: no special abilities


You were on level 2 of the Dungeon.
You visited 1 branch of the dungeon, and saw 2 of its levels.

You collected 46 gold pieces.

Inventory:

Hand Weapons
 i - a +6 mace of holy wrath (weapon)
Missiles
 d - 3 throwing nets (quivered)
Armour
 b - a +0 leather armour (worn)
 c - a +0 helmet (worn)
 h - a +0 pair of boots (worn)
Scrolls
 f - a scroll of immolation


   Skills:
 + Level 2.3 Fighting
 * Level 3.5 Maces & Flails
 - Level 1.7 Throwing
 + Level 1.2 Armour
 - Level 2.6 Dodging


You had 2 spell levels left.
You didn't know any spells.
Your spell library contained the following spells:

 Spells                   Type           Power      Damage    Failure   Level
 Stone Arrow              Conj/Erth      0%         3d7       80%         3
 Animate Armour           Summ/Erth      0%         N/A       99%         4
 Lehudib's Crystal Spear  Conj/Erth      0%         10d2      100%        8


Dungeon Overview and Level Annotations

Branches:
Dungeon (2/15)

Shops:
D:1 [

Annotations:
D:2 Natasha


Innate Abilities, Weirdness & Mutations

You have an increased reservoir of magic. (+10% MP)
You shall have no god before yourself.
Your divine heritage dramatically boosts your attributes as you level up.


Message History

The magic dart hits you.
You hit the worm.
The worm is severely wounded.
The worm bites you!
You sock the worm!
You kill the worm!
Natasha howls an incantation.
Natasha shimmers violently.
Natasha stares at you and mumbles some strange words.
The magic dart hits you!
You are too injured to fight recklessly!
You are too injured to fight recklessly!
There are monsters nearby!
You barely miss Natasha. Natasha barely misses you.
The giant cockroach waves its antennae.
You barely miss Natasha. Natasha claws you but does no damage.
Natasha casts a spell.
You miss Natasha. Natasha casts a spell at you. The magic dart hits you!
* * * LOW HITPOINT WARNING * * *
The white imp barely misses you.
It was a potion of invisibility.
You fade into invisibility!
The white imp gestures at you.
The puff of frost hits the giant cockroach.
Natasha closely misses you. The white imp closely misses you.
It was a potion of flight.
You feel very buoyant.
You fly up into the air.
The white imp gestures at you.
The puff of frost hits Natasha.
Natasha misses you. The white imp closely misses you.
As you read the scroll labelled TEFASSOEST, it crumbles to dust.
It is a scroll of identify.
f - a scroll of immolation Natasha completely misses you.
The white imp hits you.
* * * LOW HITPOINT WARNING * * *
The white imp freezes you.
You die...

... #. ... >.. ... ..
##.#####.# #.. .$......
#...##.#.... #.<......#
.####..##.#5##.##..
.#.............@h5.....
...........#.#####.###.
###...................
............#..†......
.#....#####.#.#.......
..............#.###.#.
.##...#.###.#.....# #
..........#'#...#.#
.####.#.#.......#.#


You could see Natasha and 2 white imps.

Vanquished Creatures
  An adder (D:2)
  A worm (D:2)
  5 ball pythons (D:1)
  5 endoplasms (D:1)
  2 giant cockroaches (D:1)
  A goblin (D:1)
  3 hobgoblins (D:1)
  3 jackals (D:1)
  3 kobolds (D:1)
  3 bats
  A frilled lizard (D:1)
  3 rats
31 creatures vanquished.

Vanquished Creatures (others)
  A plant (D:1)
1 creature vanquished.

Grand Total: 32 creatures vanquished

Notes
Turn   | Place    | Note
-------+----------+-------------------------------------------
     0 | D:1      | Froggeryz the Demigod Gladiator began the quest for the
                  | Orb.
     0 | D:1      | Reached XP level 1. HP: 17/17 MP: 3/3
   619 | D:1      | Reached skill level 3 in Maces & Flails
   658 | D:1      | Reached XP level 2. HP: 24/24 MP: 4/4
   692 | D:1      | Found Ilus Ilixt's Antique Armour Emporium.
   936 | D:1      | Reached skill level 1 in Armour
  1228 | D:2      | Reached XP level 3. HP: 29/29 MP: 5/5
  1297 | D:2      | Noticed Natasha
  1308 | D:2      | HP: 1/29 [white imp[Natasha] (2)]
  1308 | D:2      | Slain by a white imp

Illustrated notes

Levels and vault maps discovered:
D:1:      matt_arrival_refuge, layout_loops_ring, serial_shops,
          nicolae_shop_overgrown_old_shop
D:2:      wad_river_or_something, layout_basic, chequers_arboretum,
          minmay_pentomino_w4, uniq_jessica, uniq_robin, uniq_natasha

Skill      XL: |  1  2 |
---------------+-------+-----
Fighting       | 2 |  2.3
Maces & Flails | 3 |  3.5
Armour         | 1 |  1.2
Throwing       | |  1.7
Dodging        | |  2.6

Action                   || total
-------------------------++-------
Melee: Flail             ||    47
       Punch             ||     1
       Mace              ||    23
  Use: Potion            ||     2
       Scroll            ||     1
 Stab: Sleeping          ||     1
Armor: Leather armour    ||    17
Dodge: Dodged            ||    45
